 Dungeon Crawl Stone Soup version 0.29.0-11-gd7f09526c8 (webtiles) character file.

Game seed: 4551776267454878140

60 nickcage the Poker (level 4, -2/33 HPs)
             Began as a Merfolk Gladiator on Sept 2, 2022.
             Slain by Terence
             ... wielding a +0 flail
              (7 damage)
             ... on level 2 of the Dungeon.
             The game lasted 00:03:21 (1752 turns).

nickcage the Poker (Merfolk Gladiator)              Turns: 1752, Time: 00:03:21

Health: -2/33      AC: 10    Str: 16    XL:     4   Next: 6%
Magic:  4/4        EV:  8    Int:  7    God:
Gold:   17         SH:  0    Dex: 15    Spells: 3/3 levels left

rFire   . . .      SeeInvis .   a - +0 trident
rCold   + . .      Faith    .   (no shield)
rNeg    . . .      Spirit   .   g - +0 chain mail
rPois   .          Reflect  .   c - +0 helmet
rElec   .          Harm     .   p - +0 cloak {Stlth+}
rCorr   .          Rampage  .   (no gloves)
Will    .....                   (no boots)
Stlth   ..........              (no amulet)
HPRegen 0.11/turn               i - ring of protection from cold
MPRegen 0.09/turn               (no ring)

@: no status effects
A: (nimble swimmer 2), mertail
a: no special abilities


You were on level 2 of the Dungeon.
You visited 1 branch of the dungeon, and saw 2 of its levels.

You collected 17 gold pieces.

Inventory:

Hand Weapons
 a - a +0 trident (weapon)
Missiles
 d - 3 throwing nets
 e - a javelin
 l - 6 silver boomerangs (quivered)
Armour
 b - a +0 leather armour
 c - a +0 helmet (worn)
 g - a +0 chain mail (worn)
 p - a +0 cloak of stealth (worn)
Jewellery
 i - a ring of protection from cold (left hand)
 s - a ring of protection from cold
Scrolls
 h - a scroll of immolation {unknown}
 j - a scroll of torment {unknown}
 n - a scroll of enchant armour {unknown}
 o - 2 scrolls of blinking {unknown}
 q - 2 scrolls of identify {unknown}
Potions
 f - a potion of might {unknown}
 k - a potion of curing {unknown}
 m - a potion of berserk rage {unknown}
 r - a potion of heal wounds {unknown}


   Skills:
 - Level 2.1 Fighting
 + Level 6.4 Polearms
 - Level 2.0 Throwing
 - Level 4.0 Dodging


You had 3 spell levels left.
You didn't know any spells.
Your spell library contained the following spells:

 Spells                   Type           Power      Damage    Failure   Level
 Call Canine Familiar     Summ           0%         N/A       100%        3
 Portal Projectile        Hex/Tloc       0%         N/A       100%        3
 Leda's Liquefaction      Hex/Erth       0%         N/A       100%        4


Dungeon Overview and Level Annotations

Branches:
Dungeon (2/15)

Altars:
Vehumet

Annotations:
D:2 Jessica, Terence


Innate Abilities, Weirdness & Mutations

((You are very nimble when in or above water. (Stealth+, EV+, Speed+++)))
Your lower body shifts to a powerful aquatic tail in water.


Message History

Terence is lightly wounded.
You throw a silver boomerang.
The silver boomerang hits Terence but does no damage.
Terence is lightly wounded.
You hit Terence.
Terence is moderately wounded.
Terence misses you.
You closely miss Terence.
Terence is moderately wounded.
Jessica the Apprentice Sorceress comes into view.
She is wielding a +0 dagger.
Terence hits you with a +0 flail.
You hit Terence.
Terence is heavily wounded.
Terence hits you with a +0 flail.
You hit Terence but do no damage.
Terence is heavily wounded.
Jessica mumbles some strange words.
Jessica blinks!
Terence hits you with a +0 flail!
You hit Terence.
Terence is severely wounded.
Jessica hits you with a +0 dagger. Terence hits you but does no damage.
You hit Terence but do no damage.
Terence is severely wounded.
Jessica hits you but does no damage. Terence closely misses you.
You hit Terence but do no damage.
Terence is severely wounded.
Jessica hits you with a +0 dagger. Terence barely misses you.
You are too injured to fight recklessly!
Terence closely misses you. Terence attacks as you move away!
Terence hits you with a +0 flail!
* * * LOW HITPOINT WARNING * * *
You hit Jessica but do no damage. Jessica hits you but does no damage.
Terence hits you with a +0 flail.
* * * LOW HITPOINT WARNING * * *
There are monsters nearby!
There are monsters nearby!
You closely miss Terence.
Terence is severely wounded.
Jessica hits you but does no damage. Terence hits you with a +0 flail!
You die...

#.# #.# #.#
##### #.#
#...#####.#
#.........#
##...#######
#.@...#
#.@@..#
#..........#
######.....#
........
##########


You could see Terence and Jessica.

Vanquished Creatures
  Crazy Yiuf (D:2)
  6 bats
  3 endoplasms
  2 giant cockroaches (D:1)
  4 goblins (D:1)
  A hobgoblin (D:1)
  6 ball pythons
  A frilled lizard (D:1)
  4 kobolds
  3 rats (D:1)
31 creatures vanquished.

Notes
Turn   | Place    | Note
-------+----------+-------------------------------------------
     0 | D:1      | nickcage the Merfolk Gladiator began the quest for the Orb.
     0 | D:1      | Reached XP level 1. HP: 16/16 MP: 1/1
   295 | D:1      | Reached XP level 2. HP: 17/22 MP: 2/2
   317 | D:1      | HP: 1/22 [bat (1)]
   324 | D:1      | Reached skill level 5 in Polearms
  1019 | D:1      | Reached XP level 3. HP: 27/27 MP: 3/3
  1444 | D:2      | Found a runed translucent door.
  1445 | D:2      | Noticed Crazy Yiuf
  1452 | D:2      | Killed Crazy Yiuf
  1453 | D:2      | Reached skill level 6 in Polearms
  1636 | D:2      | Found a radiant altar of Vehumet.
  1670 | D:2      | Reached XP level 4. HP: 33/33 MP: 4/4
  1738 | D:2      | Noticed Terence
  1743 | D:2      | Noticed Jessica
  1752 | D:2      | Slain by Terence

Illustrated notes

Levels and vault maps discovered:
D:1:      dpeg_arrival_simpleton_a, layout_loops_corners,
          minmay_misc_feat_ornament
D:2:      layout_loops_ring, basic_altar, roderic_roman_lattice, uniq_jessica,
          uniq_crazy_yiuf_cottage, uniq_terence

Skill      XL: |  1  2  3 |
---------------+----------+-----
Polearms       | 5 6 |  6.4
Fighting       | |  2.1
Throwing       | |  2.0
Dodging        | |  4.0

Action                   |  1- 3 |  4- 6 || total
-------------------------+-------+-------++-------
Melee: Trident           |   120 |    19 ||   139
       Punch             |     2 |       ||     2
Throw: Boomerang         |       |     2 ||     2
Armor: Chain mail        |    61 |     6 ||    67
Dodge: Dodged            |    31 |     7 ||    38
